 Dungeon Sprint DCSS version 0.21-a0-274-gc1afaeb (webtiles) character file.

157 potatolord6000 the Nimble (level 5, -1/44 HPs)
             Began as a Gnoll Monk on Sept 19, 2017.
             Was a Believer of Hepliaklqana.
             Slain by a wolf (12 damage)
             ... in the Dungeon (Sprint VII: "The Pits").
             The game lasted 00:01:04 (328 turns).

potatolord6000 the Nimble (Gnoll Monk)               Turns: 328, Time: 00:01:04

Health: -1/44      AC:  2    Str:  7    XL:     5   Next: 38%
Magic:  5/5        EV: 14    Int:  7    God:    Hepliaklqana [**....]
Gold:   0          SH:  0    Dex:  7    Spells: 4/4 levels left

rFire    . . .     SeeInvis .   c - +2 falchion
rCold    . . .     Gourm    .   (no shield)
rNeg     . . .     Faith    .   b - +0 robe
rPois    .         Spirit   .   (no helmet)
rElec    .         Reflect  .   (no cloak)
rCorr    .         Harm     .   (no gloves)
MR       .....     NoTele   +   (no boots)
Stlth    ++........             (no amulet)
HPRegen  0.14/turn              (no ring)
MPRegen  0.09/turn              (no ring)

@: lethally poisoned (-1 -> -3)
A: unchanging attributes, reduced essence, fangs 1, strong nose
a: Recall Ancestor, Ancestor Identity, Renounce Religion


You were in the Dungeon.
You worshipped Hepliaklqana.
Hepliaklqana was pleased with you.
You were very full.

You visited 1 branch

Inventory:

Hand Weapons
 c - a +2 falchion (weapon)
Armour
 b - a +0 robe (worn)
Scrolls
 i - a scroll of blinking
 j - 3 scrolls of remove curse
 k - 5 scrolls of amnesia
 l - a scroll of summoning
Potions
 a - 2 potions of invisibility
 d - a potion of curing
 e - a potion of heal wounds
 f - a potion of haste
 g - 4 potions of magic
 h - 3 potions of berserk rage
Comestibles
 m - 40 fruits
 n - 7 meat rations
 o - 7 bread rations


   Skills:
 + Level 7.8 Fighting
 + Level 7.9 Long Blades
 + Level 6.6 Armour
 + Level 8.0 Dodging
 - Level 2.4 Stealth


You had 4 spell levels left.
You didn't know any spells.

Dungeon Overview and Level Annotations

Branches:
Dungeon (1/1)

Altars:
Ashenzari
Cheibriados
Dithmenos
Elyvilon
Fedhas
Gozag
Hepliaklqana
Kikubaaqudgha
Makhleb
Nemelex Xobeh
Okawaru
Qazlal
Ru
Sif Muna
Trog
Uskayaw
Vehumet
Wu Jian
Xom
Yredelemnul
Zin
The Shining One
Beogh
Jiyva
Lugonu


Innate Abilities, Weirdness & Mutations

Your physical attributes are unchanging.
You have very sharp teeth.
Your uncanny sense of smell can sniff out nearby items.
Your life essence is reduced to manifest your ancestor. (-10% HP)


Message History

Unknown command.
You barely miss the wolf.
The wolf is lightly wounded.
The wolf bites you.
Unknown command.
You hit the wolf but do no damage.
The wolf is lightly wounded.
You feel sick. The wolf closely misses you.
You riposte.
You hit the wolf but do no damage.
The wolf is lightly wounded.
The wolf bites you but does no damage.
Unknown command.
You miss the wolf.
The wolf is lightly wounded.
The wolf bites you. The wolf bites you!
* * * LOW HITPOINT WARNING * * *
You hit the wolf.
The wolf is moderately wounded.
The wolf bites you!
You die...

#.?(.')))'.##......#..#
##########.##..........
#...........'..........
#+#####'#####......#..#
#.(...#∆∆ #..........
#.....#∆∆ ####'#####+
###'###∆∆ #.......#
#...(.#∆∆ #.......#
#...@.#∆∆ #.......#
####h##+###...<...#
#..†....h##.......#
#........##.......#
###########.......#
######### ∆∆∆∆


You could see a wolf.

Vanquished Creatures
  A worker ant (D)
  An orc (D)
  A frilled lizard (D)
  A jackal zombie (D)
  A kobold (D)
5 creatures vanquished.

Vanquished Creatures (collateral kills)
  A floating eye (D)
  A worker ant (D)
  A quokka (D)
3 creatures vanquished.

Vanquished Creatures (others)
  A knight (D)
1 creature vanquished.

Grand Total: 9 creatures vanquished

Notes
Turn   | Place    | Note
-------+----------+-------------------------------------------
     0 | D        | potatolord6000 the Gnoll Monk began the quest for the Orb.
     0 | D        | Reached XP level 1. HP: 19/19 MP: 1/1
    13 | D        | Noticed a floating eye
    18 | D        | Paralysed by a floating eye for 3 turns
    25 | D        | Found a bloodstained altar of Trog.
    25 | D        | Found a deep blue altar of Sif Muna.
    25 | D        | Found a viscous altar of Jiyva.
    25 | D        | Found a hazy altar of Hepliaklqana.
    25 | D        | Found an opulent altar of Gozag.
    26 | D        | Found a glowing golden altar of the Shining One.
    26 | D        | Found a glowing silver altar of Zin.
    26 | D        | Found a basalt altar of Yredelemnul.
    26 | D        | Found a shimmering altar of Xom.
    26 | D        | Found an ornate altar of the Wu Jian Council.
    26 | D        | Found a sacrificial altar of Ru.
    26 | D        | Found a stormy altar of Qazlal.
    26 | D        | Found an iron altar of Okawaru.
    26 | D        | Found a sparkling altar of Nemelex Xobeh.
    26 | D        | Found a burning altar of Makhleb.
    26 | D        | Found a blossoming altar of Fedhas.
    26 | D        | Found a white marble altar of Elyvilon.
    26 | D        | Found a shadowy altar of Dithmenos.
    26 | D        | Found a snail-covered altar of Cheibriados.
    27 | D        | Paralysed by a floating eye for 3 turns
    31 | D        | Found a corrupted altar of Lugonu.
    31 | D        | Found a radiant altar of Vehumet.
    31 | D        | Found a roughly hewn altar of Beogh.
    33 | D        | Found a shattered altar of Ashenzari.
    33 | D        | Found an ancient bone altar of Kikubaaqudgha.
    33 | D        | Found a hide-covered altar of Uskayaw.
    34 | D        | Became a worshipper of Hepliaklqana the Forgotten
    34 | D        | Reached * piety under Hepliaklqana
    34 | D        | Reached ** piety under Hepliaklqana
    35 | D        | Remembered your ancestor Matia as a knight
    35 | D        | Paralysed by a floating eye for 3 turns
    40 | D        | Killed a floating eye
    40 | D        | Reached skill level 5 in Armour
    40 | D        | Reached skill level 7 in Dodging
    40 | D        | Reached XP level 2. HP: 27/27 MP: 2/2
    40 | D        | Reached XP level 3. HP: 32/32 MP: 3/3
    40 | D        | Reached XP level 4. HP: 38/38 MP: 4/4
   184 | D        | Reached XP level 5. HP: 31/43 MP: 5/5
   310 | D        | Noticed a wolf
   323 | D        | Reached skill level 8 in Dodging
   328 | D        | Slain by a wolf

Vault maps used:
D:        pitsprint

Skill      XL: |  1  2  3  4  5 |
---------------+----------------+-----
Fighting       | 7 |  7.8
Long Blades    | 7 |  7.9
Armour         | 5 6 |  6.6
Dodging        | 7 8 |  8.0
Stealth        | |  2.4

Action                   |  1- 3 |  4- 6 || total
-------------------------+-------+-------++-------
Melee: Falchion          |     5 |    21 ||    26
       Bite              |     2 |       ||     2
Invok: Ancestor Life: Kn |     1 |       ||     1
 Stab: Sleeping          |     1 |       ||     1
  Eat: Bread ration      |       |     1 ||     1
Armor: Robe              |       |     2 ||     2
Dodge: Dodged            |       |    15 ||    15
       Rpst.: Falchion   |       |     6 ||     6

Table legend:
 A = Spawn XP
 B = Non-spawn XP
 C = Spawn XP percentage of total XP
 D = Spawn monster count
 E = Non-spawn monster count
 F = Spawn count percentage of total count
 G = Total turns spent on level
                    A         B        C        D         E        F      G
               +---------+---------+-------+---------+---------+-------+---------
         Total |       0 |     225 |   0.0 |       0 |       8 |   0.0 |   328
               +---------+---------+-------+---------+---------+-------+---------
             D |       0 |     225 |   0.0 |       0 |       8 |   0.0 |   328
               +---------+---------+-------+---------+---------+-------+---------
